 Dungeon Crawl Stone Soup version 0.27-a0-419-g7a85846853 (webtiles) character file.

Game seed: 6383277785307171256

318 Chiseanne the Skirmisher (level 6, 0/49 HPs)
             Began as a Demonspawn Wanderer on Feb 26, 2021.
             Slain by a lemure (2 damage)
             ... led by Pikel
             ... on level 4 of the Dungeon.
             The game lasted 00:05:01 (4761 turns).

Chiseanne the Skirmisher (Demonspawn Wanderer)      Turns: 4761, Time: 00:05:01

Health: 0/49       AC:  6    Str: 18    XL:     6   Next: 21%
Magic:  6/6        EV:  7    Int: 12    God:
Gold:   134        SH: 13    Dex: 10    Spells: 5/5 levels left

rFire    . . .     SeeInvis .   a - +2 war axe
rCold    . . .     Faith    .   m - +1 tower shield
rNeg     . . .     Spirit   .   i - +1 leather armour
rPois    .         Reflect  .   (no helmet)
rElec    .         Harm     .   (no cloak)
rCorr    .         Rampage  .   (no gloves)
Will     .....                  (no boots)
Stlth    +.........             (no amulet)
HPRegen  0.16/turn              (no ring)
MPRegen  0.20/turn              (no ring)

@: no status effects
A: iridescent scales 1, magic regeneration
a: no special abilities


You were on level 4 of the Dungeon.
You visited 1 branch of the dungeon, and saw 4 of its levels.

You collected 134 gold pieces.

Inventory:

Hand Weapons
 a - a +2 war axe (weapon)
 w - a +1 hunting sling of freezing
Missiles
 f - 149 stones
 h - 40 sling bullets
 n - 5 javelins
 p - 16 poisoned darts (quivered)
Armour
 i - a +1 leather armour (worn)
 m - a +1 tower shield (worn)
Scrolls
 k - 7 scrolls of identify
 l - a scroll of enchant armour
 r - a scroll of teleportation
Potions
 b - a potion of haste
 d - 2 potions of heal wounds
 q - a potion of might


   Skills:
 * Level 4.5 Fighting
 - Level 1.0 Short Blades
 - Level 1.0 Bows
 * Level 3.3 Armour
 * Level 2.8 Dodging
 - Level 1.7 Stealth
 * Level 2.1 Shields
 + Level 1.0 Evocations


You had 5 spell levels left.
You didn't know any spells.
Your spell library contained the following spells:

 Spells                   Type           Power        Failure   Level
 Corona                   Hex            0%           100%        1
 Ensorcelled Hibernation  Hex/Ice        0%           100%        2
 Confusing Touch          Hex            0%           100%        3
 Dazzling Flash           Conj/Hex       0%           100%        3
 Tukima's Dance           Hex            0%           100%        3


Dungeon Overview and Level Annotations

Branches:
Dungeon (4/15)
 Temple: D:4-7

Altars:
Vehumet
Xom
The Shining One

Annotations:
D:4 Edmund, Pikel


Innate Abilities, Weirdness & Mutations

You are partially covered in iridescent scales. (AC +2)
You regenerate magic rapidly.


Message History

The lemure hits you but does no damage. You block Pikel's attack.
Edmund the Younger comes into view.
He is wielding a +0 flail of protection.
The lemure hits you! The lemure barely misses you.
Pikel hits you with a +0 whip of freezing.
Pikel freezes you. The lemure closely misses you.
Edmund shouts!
You slash the lemure!
You kill the lemure!
That felt strangely unrewarding.
You hit Pikel but do no damage.
You hit the lemure. x2; You block the lemure's attack.
Pikel hits you with a +0 whip of freezing.
Pikel freezes you. You block the lemure's attack. The lemure hits you.
* * * LOW HITPOINT WARNING * * *
The lemure closely misses you.
Pikel hits you with a +0 whip of freezing.
* * * LOW HITPOINT WARNING * * *
Pikel freezes you.
* * * LOW HITPOINT WARNING * * *
The lemure hits you!
* * * LOW HITPOINT WARNING * * *
You are too injured to fight recklessly!
You are too injured to fight recklessly!
You are too injured to fight recklessly!
You are too injured to fight recklessly!
You are too injured to fight recklessly!
You are too injured to fight recklessly!
You are too injured to fight recklessly!
You are too injured to fight recklessly!
You are too injured to fight recklessly!
You are too injured to fight recklessly!
You are too injured to fight recklessly!
You are too injured to fight recklessly!
You are too injured to fight recklessly!
You are too injured to fight recklessly!
You are too injured to fight recklessly!
As you read the scroll labelled FYD UPPEESAO, it crumbles to dust.
It is a scroll of amnesia.
You feel forgetful for a moment. You block the lemure's attack.
The lemure hits you.
You die...

.......##...##...#...
....####.....#..##...
###. ###......##...
##.######........!.#
#..#.#.##..........#
#.(.......##........
#....#....#.........
#.5.......#.........
#.K@................
#.55..........#.....
....<...###.....##.####
........## ##..######
......... ...##
..@[..... .....
................
.................


You could see Edmund, Pikel and 3 lemures.

Vanquished Creatures
  2 ogres
  A lemure (D:4)
  A centaur skeleton (D:4)
  6 adders
  2 oozes
  A leopard gecko (D:3)
  An orc (D:3)
  2 ball pythons (D:2)
  9 bats
  2 giant cockroaches
  7 goblins
  4 hobgoblins
  6 jackals
  4 kobolds (D:3)
  7 rats
55 creatures vanquished.

Notes
Turn   | Place    | Note
-------+----------+-------------------------------------------
     0 | D:1      | Chiseanne the Demonspawn Wanderer began the quest for the
                  | Orb.
     0 | D:1      | Chiseanne set off with the following items: a +2 dagger, a
                  | potion of haste, a +0 short sword, a potion of
                  | lignification, a +0 robe
     0 | D:1      | Reached XP level 1. HP: 18/18 MP: 1/1
   554 | D:1      | Gained mutation: You are partially covered in iridescent
                  | scales. (AC +2) [demonic ancestry]
   554 | D:1      | Reached XP level 2. HP: 24/24 MP: 2/2
   636 | D:1      | Reached skill level 1 in Dodging
  1132 | D:2      | Found a radiant altar of Vehumet.
  1254 | D:2      | Reached XP level 3. HP: 27/29 MP: 3/3
  1431 | D:2      | Found a shimmering altar of Xom.
  2139 | D:2      | Found a glowing golden altar of the Shining One.
  2573 | D:3      | Reached XP level 4. HP: 22/37 MP: 4/4
  3851 | D:3      | Reached skill level 1 in Shields
  3945 | D:4      | Reached skill level 4 in Fighting
  3945 | D:4      | Reached XP level 5. HP: 10/42 MP: 5/5
  3955 | D:4      | Noticed an ogre
  4287 | D:4      | Noticed an ogre
  4307 | D:3      | Killed an ogre
  4417 | D:4      | Killed an ogre
  4418 | D:4      | Gained mutation: You regenerate magic rapidly. [demonic
                  | ancestry]
  4418 | D:4      | Reached XP level 6. HP: 8/49 MP: 6/6
  4752 | D:4      | Noticed Pikel
  4759 | D:4      | Noticed Edmund
  4760 | D:4      | HP: 1/49 [lemure[Pikel] (7)]
  4761 | D:4      | Slain by a lemure

Illustrated notes

Levels and vault maps discovered:
D:1:      dpeg_arrival_water_temple_mockup, layout_basic
D:2:      layout_loops_ring, old_standard_altar, lemuel_doored_altar,
          lemuel_coloured_pillars_altar
D:3:      layout_loops_ring, kennysheep_generic_room_15
D:4:      layout_cave_pools, pdpol_wu_jian_five_deadly_venoms,
          minmay_temple_entry_stoned_glass, okawaru_altar_gauntlet_db,
          uniq_edmund, uniq_pikel

Skill      XL: |  1  2  3  4  5 |
---------------+----------------+-----
Dodging        | 1 2 |  2.8
Armour         | 2 3 |  3.3
Shields        | 1 2 |  2.1
Fighting       | 4 |  4.5
Short Blades   | |  1.0
Bows           | |  1.0
Stealth        | |  1.7
Evocations     | |  1.0

Action                   |  1- 3 |  4- 6 || total
-------------------------+-------+-------++-------
Melee: Dagger            |   132 |    95 ||   227
       War axe           |       |    20 ||    20
Throw: Dart              |       |     3 ||     3
  Use: Potion            |     2 |     3 ||     5
       Scroll            |       |     8 ||     8
 Stab: Sleeping          |     2 |       ||     2
Armor: Leather armour    |    40 |    41 ||    81
       Skin              |    26 |       ||    26
Dodge: Dodged            |    74 |    36 ||   110
Block: Tower shield      |    19 |    84 ||   103
       Buckler           |     1 |       ||     1

Table legend: (Time is in decaauts)
 A = Elapsed time spent in this place.
 B = Non-inter-level travel time spent in this place.
 C = Inter-level travel time spent in this place.
 D = Time resting spent in this place.
 E = Time spent auto-exploring this place.
 F = Levels seen in this place.
 G = Mean time per level.
                   A        B        C        D        E       F      G
               +--------+--------+--------+--------+--------+-----+--------+
         Total |   4816 |   4735 |     81 |   1587 |   2538 |   4 | 1204.0 |
       Dungeon |   4816 |   4735 |     81 |   1587 |   2538 |   4 | 1204.0 |
               +--------+--------+--------+--------+--------+-----+--------+

Top non-repeatable levels by time:
     D:3: 1935 daAuts
     D:2: 1605 daAuts
     D:1: 866 daAuts
     D:4: 409 daAuts
